 Dungeon Crawl Stone Soup version 0.30.0-10-gfe55d96785 (webtiles) character file.

Game seed: 1951381384148240715

3034 Irreverend the Destroyer (level 9, -20/45 HPs)
             Began as a Deep Elf Conjurer on May 14, 2023.
             Was a Follower of Vehumet.
             Demolished by a komodo dragon (31 damage)
             ... on level 8 of the Dungeon.
             The game lasted 00:18:56 (8265 turns).

Irreverend the Destroyer (Deep Elf Conjurer)        Turns: 8265, Time: 00:18:57

Health: -20/45     AC:  4    Str:  4    XL:     9   Next: 56%
Magic:  21/33      EV: 13    Int: 28    God:    Vehumet [*.....]
Gold:   520        SH:  0    Dex: 13    Spells: 15/26 levels left

rFire   . . .        (no weapon)
rCold   . . .        r - orb {mayhem}
rNeg    . . .        a - +0 robe
rPois   .            (no helmet)
rElec   .            (no cloak)
rCorr   .            e - +1 pair of gloves
SInv    .            (no boots)
Will    .....        l - amulet of regeneration
Stlth   ++           u - ring of magical power
HPRegen 1.07/turn    y - ring of wizardry
MPRegen 0.23/turn

%: mayhem, wizardry (x1)
@: invisible
A: no striking features
a: Renounce Religion


You were on level 8 of the Dungeon.
You worshipped Vehumet.
Vehumet was aware of your devotion.
You visited 1 branch of the dungeon, and saw 8 of its levels.
You also visited: Ossuary.

You collected 520 gold pieces.

Inventory:

Missiles
 z - 4 throwing nets
Armour
 a - a +0 robe (worn)
 e - a +1 pair of gloves (worn)
 r - an orb of mayhem (worn)
 F - an orb of wrath
Jewellery
 l - an amulet of regeneration (around neck)
 u - a ring of magical power (left hand)
 y - a ring of wizardry (right hand)
 E - a ring of protection from cold
Wands
 D - a wand of polymorph (20)
Scrolls
 d - 5 scrolls of teleportation
 f - 3 scrolls of summoning {unknown}
 m - 4 scrolls of fog {unknown}
 q - 2 scrolls of enchant weapon {unknown}
 s - a scroll of acquirement {unknown}
 t - a scroll of blinking {unknown}
 A - a scroll of brand weapon {unknown}
 B - a scroll of fear {unknown}
 C - a scroll of noise {unknown}
Potions
 b - a potion of magic
 c - a potion of ambrosia
 g - a potion of degeneration
 h - 3 potions of flight
 i - 2 potions of lignification
 k - a potion of attraction
 n - 6 potions of curing
 o - a potion of haste {unknown}
 p - 2 potions of invisibility
 v - 4 potions of heal wounds
 w - 4 potions of brilliance
 x - a potion of mutation {unknown}


   Skills:
 + Level 4.5 Dodging
 - Level 2.4 Stealth
 + Level 9.1 Spellcasting
 * Level 11.2 Conjurations
 - Level 6.4 Hexes
 + Level 3.3 Translocations


You had 15 spell levels left.
You knew the following spells:

 Your Spells              Type           Power      Damage    Failure   Level
a - Magic Dart            Conj           100%       1d8       1%          1
b - Searing Ray           Conj           100%       2d8       1%          2
c - Fulminant Prism       Conj/Hex       29%        3d14      1%          4
d - Iskenderun's Mystic   Conj/Tloc      52%        2d11      1%          4

Your spell library contained the following spells:

 Spells                   Type           Power      Damage    Failure   Level
 Foxfire                  Conj/Fire      100%       2x1d9     1%          1
 Shock                    Conj/Air       100%       1d9       1%          1
 Summon Small Mammal      Summ           48%        N/A       1%          1
 Dazzling Flash           Conj/Hex       100%       N/A       1%          3
 Summon Guardian Golem    Hex/Summ       30%        N/A       1%          3
 Cigotuvi's Dreadful Rot  Necr/Pois/Air  24%        N/A       2%          2
 Call Canine Familiar     Summ           12%        N/A       5%          3
 Ignite Poison            Fire/Tmut/Pois 12%        N/A       5%          3
 Ozocubu's Armour         Ice            12%        N/A       5%          3
 Swiftness                Air            12%        N/A       5%          3
 Freezing Cloud           Conj/Ice/Air   16%        6-21      11%         5
 Airstrike                Air            6%         2d(1-17)  17%         4
 Ozocubu's Refrigeration  Ice            6%         4d8       100%        7
 Chain Lightning          Conj/Air       22%        3d29      100%        9
 Fire Storm               Conj/Fire      22%        8d6       100%        9
 Shatter                  Erth           6%         3d9*      100%        9


Dungeon Overview and Level Annotations

Branches:
Dungeon (8/15)             Temple (0/1) D:7         Ossuary (visited)
   Lair: D:8-11

Altars:
Ashenzari
Cheibriados
Dithmenos
Gozag
Qazlal
Sif Muna
Trog
Vehumet
Wu Jian

Shops:
D:2 *   D:6 (


Message History

Casting: Searing Ray (safe; 1% risk of failure)
Confirm with . or Enter, or press ? or * to list all spells.
Restarting spell: Searing Ray (safe; 1% risk of failure)
Press: ? - help, Shift-Dir - straight line, f - gnoll
Aim: a gnoll, wielding a +0 club (85% to hit)
The searing ray misses the gnoll. (Press . to maintain the ray.)
You are engulfed in a cloud of scalding steam.
The searing ray hits the gnoll!
The gnoll is heavily wounded.
You are engulfed in a cloud of scalding steam.
The komodo dragon bites the gnoll!!!
The gnoll dies!
Vehumet accepts your kill.
Casting: Searing Ray (safe; 1% risk of failure)
Confirm with . or Enter, or press ? or * to list all spells.
Restarting spell: Searing Ray (safe; 1% risk of failure)
Press: ? - help, Shift-Dir - straight line, f - komodo dragon
Aim: a komodo dragon (fast, strong, frenzied and insane, unaware, 87% to hit)
The searing ray hits the komodo dragon but does no damage. (Press . to maintain the ray.)
The searing ray hits the komodo dragon.
The komodo dragon is lightly wounded.
You are engulfed in a cloud of scalding steam.
The komodo dragon is engulfed in a cloud of scalding steam.
The komodo dragon barely misses you.
The searing ray hits the komodo dragon but does no damage.
The komodo dragon is moderately wounded.
The komodo dragon bites you but does no damage.
The komodo dragon bites you!
* * * LOW HITPOINT WARNING * * *
The searing ray hits the komodo dragon!
The komodo dragon is heavily wounded.
You finish channelling your searing ray.
The komodo dragon closely misses you.
A killer bee comes into view. x2
You fade into invisibility!
The komodo dragon closely misses you. The komodo dragon bites you!!
Ouch! That really hurt!
You die...

.$.. #....##
.#.....y.. ###
##......y.#
#..##..........
........†......
...........
#..?..).#
...#...l..###
.......@....#
...........##
........#......
........##....#
........# .#..#
........# # .#
......... .
.....##.#


You could see 2 killer bees and a neutral komodo dragon (fast, strong, insane,
unable to see you).

Vanquished Creatures
  Prince Ribbit (D:5)
  A steam dragon (D:8)
  An acid dragon (D:8)
  An ice beast (D:6)
  An ogre (D:6)
  A centaur (D:7)
  2 phantoms
  Blork the orc (D:5)
  An elf zombie (Ossuary)
  2 bullfrogs
  A kobold brigand (D:7)
  4 scorpions
  2 gnoll sergeants (D:7)
  5 wights (D:6)
  3 killer bees (D:7)
  2 howler monkeys
  3 centaur zombies (Ossuary)
  4 hounds
  3 jellies
  2 orc priests (D:6)
  2 gnoll boudas (D:5)
  An iguana (D:5)
  3 orc wizards
  2 mummies (Ossuary)
  15 gnolls
  9 adders
  2 shadow imps
  An adder zombie (Ossuary)
  5 worms
  4 dart slugs
  9 orcs
  4 ball pythons
  6 endoplasms
  2 giant cockroaches
  4 goblins
  6 hobgoblins
  5 jackals (D:3)
  11 kobolds
  4 quokkas
  5 bats (D:1)
  2 goblin zombies (Ossuary)
  12 hobgoblin zombies (Ossuary)
  8 kobold zombies (Ossuary)
  4 orc zombies (Ossuary)
  4 rats
171 creatures vanquished.

Vanquished Creatures (collateral kills)
  3 killer bees (D:7)
  6 gnolls
  A giant cockroach (D:4)
  A goblin zombie (Ossuary)
  3 hobgoblin zombies (Ossuary)
  A kobold (D:4)
  A kobold zombie (Ossuary)
  An orc zombie (Ossuary)
  A fulminant prism (D:7)
18 creatures vanquished.

Vanquished Creatures (others)
  32 fulminant prisms
32 creatures vanquished.

Grand Total: 221 creatures vanquished

Notes
Turn   | Place    | Note
-------+----------+-------------------------------------------
     0 | D:1      | Irreverend the Deep Elf Conjurer began the quest for the
                  | Orb.
     0 | D:1      | Reached XP level 1. HP: 10/10 MP: 6/6
   335 | D:1      | Reached XP level 2. HP: 15/15 MP: 4/8
   402 | D:1      | Learned a level 2 spell: Searing Ray
   774 | D:1      | Reached skill level 5 in Conjurations
  1190 | D:2      | Found Irphanujao's General Store.
  1440 | D:2      | Reached XP level 3. HP: 19/19 MP: 8/10
  1877 | D:2      | Found a shadowy altar of Dithmenos.
  2316 | D:3      | Found a stormy altar of Qazlal.
  2320 | D:3      | Reached XP level 4. HP: 24/24 MP: 10/12
  2336 | D:3      | Noticed a scorpion
  2341 | D:3      | Killed a scorpion
  2342 | D:3      | Reached skill level 6 in Conjurations
  2388 | D:3      | Learned a level 4 spell: Fulminant Prism
  2393 | D:3      | Learned a level 4 spell: Iskenderun's Mystic Blast
  2789 | D:3      | Reached XP level 5. HP: 28/28 MP: 9/13
  2908 | D:3      | Reached skill level 1 in Hexes
  3387 | D:3      | Found a faded altar of an unknown god.
  3481 | D:4      | Reached skill level 5 in Spellcasting
  3601 | D:4      | Found a bloodstained altar of Trog.
  3710 | D:4      | Reached XP level 6. HP: 32/32 MP: 4/15
  3827 | D:4      | Reached skill level 7 in Conjurations
  3902 | D:4      | Found an opulent altar of Gozag.
  3929 | D:4      | Found a shimmering blue altar of Sif Muna.
  4234 | D:4      | Found an ornate altar of the Wu Jian Council.
  4269 | D:5      | Entered Level 5 of the Dungeon
  4333 | D:5      | Found a broken altar of Ashenzari.
  4374 | D:5      | Found a sand-covered staircase.
  4375 | D:5      | Noticed Prince Ribbit
  4382 | D:5      | Killed Prince Ribbit
  4383 | D:5      | Reached XP level 7. HP: 36/36 MP: 8/18
  4419 | D:5      | Reached skill level 8 in Conjurations
  4509 | Ossuary  | Entered an ossuary
  5421 | D:5      | Reached XP level 8. HP: 41/41 MP: 8/20
  5559 | D:5      | Reached skill level 5 in Hexes
  5668 | D:5      | Reached skill level 9 in Conjurations
  5694 | D:5      | Noticed Blork the orc
  5702 | D:5      | Killed Blork the orc
  6202 | D:5      | Found a radiant altar of Vehumet.
  6235 | D:5      | Became a worshipper of Vehumet
  6419 | D:6      | Found a snail-covered altar of Cheibriados.
  6745 | D:6      | Identified the +0 buckler "Doana" {rN+ Dex+2}
  6887 | D:6      | Found Goawaycho's Antique Weapon Shop.
  6963 | D:6      | Reached skill level 10 in Conjurations
  7246 | D:6      | Reached skill level 1 in Translocations
  7361 | D:7      | Reached XP level 9. HP: 41/45 MP: 23/23
  7371 | D:7      | Reached * piety under Vehumet
  7371 | D:7      | Offered knowledge of Foxfire by Vehumet.
  7922 | D:7      | Found a staircase to the Ecumenical Temple.
  7946 | D:7      | Reached skill level 11 in Conjurations
  8254 | D:8      | Noticed a komodo dragon
  8265 | D:8      | Demolished by a komodo dragon

Illustrated notes

Levels and vault maps discovered:
D:1:      doesnt_arrival_eight_statues, layout_basic
D:2:      layout_basic, serial_shops, nicolae_shop_stone, basic_altar,
          mrwooster_statue_mirror, minmay_pentomino_r2
D:3:      layout_loops_ring, mainiacjoe_overflow_concentric_impassable,
          shapermc_ecumenical_altar_mp_urbaneastern
D:4:      layout_cave_pools, amcnicky_altar_gilded,
          mainiacjoe_overflow_brackets, mainiacjoe_overflow_paths,
          mainiacjoe_overflow_small_starburst, minmay_crystal_water,
          hangedman_decor_opposing
D:5:      kennysheep_six_static_rooms, layout_loops_ring,
          lemuel_coloured_pillars_altar, mainiacjoe_overflow_boulevard,
          nicolae_ossuary_entry_ruins, uniq_blork_the_orc, uniq_prince_ribbit1
D:6:      nicolae_cairo_tiling_very_big, layout_gridville,
          overflow_temple_1_default, serial_shops, shop,
          hangedman_decor_diamond_cutter, kennysheep_generic_room_11
D:7:      layout_basic, minmay_temple_entry_arrows, corexii_hall_statues_t,
          dreamdust_wishing_well
D:8:      layout_cave_pools, xom_shifter_show, kennysheep_little_box,
          minmay_liquid_box, uniq_pikel

Skill      XL: |  1  2  3  4  5  6  7  8  9 |
---------------+----------------------------+-----
Conjurations   | 5 6 7 8 10 11 | 11.2
Spellcasting   | 4 5 6 8 9 |  9.1
Hexes          | 2 3 4 6 |  6.4
Translocations | 1 3 |  3.3
Dodging        | 3 4 |  4.5
Stealth        | |  2.4

Action                     |  1- 3 |  4- 6 |  7- 9 || total
---------------------------+-------+-------+-------++-------
   Cast: Magic Dart        |    46 |    23 |    29 ||    98
         Searing Ray       |    18 |    30 |    47 ||    95
         Iskenderun's Myst |       |     1 |       ||     1
         Fulminant Prism   |       |       |    33 ||    33
    Use: Scroll            |       |       |    10 ||    10
         Potion            |       |       |     1 ||     1
 Armour: Robe              |     5 |    15 |    31 ||    51
  Dodge: Dodged            |    14 |    19 |    54 ||    87
